 Dungeon Crawl Stone Soup version 0.22.1-2-g9c5b331 (webtiles) character file.

52 Yuikono the Poker (level 3, -12/29 HPs)
             Began as a Merfolk Abyssal Knight on Nov 29, 2018.
             Was a Follower of Lugonu.
             Killed by divine providence
             ... invoked by an orc priest
              (14 damage)
             ... on level 3 of the Dungeon.
             The game lasted 00:06:11 (2041 turns).

Yuikono the Poker (Merfolk Abyssal Knight)          Turns: 2041, Time: 00:06:11

Health: -12/29     AC:  7    Str: 12    XL:     3   Next: 85%
Magic:  5/5        EV: 13    Int: 11    God:    Lugonu [*.....]
Gold:   168        SH:  0    Dex: 14    Spells: 2/2 levels left

rFire    + . .     SeeInvis .   a - +1 spear
rCold    . . .     Gourm    .   (no shield)
rNeg     . . .     Faith    .   e - +0 leather armour {rF+}
rPois    .         Spirit   .   m - +2 helmet
rElec    .         Reflect  .   (no cloak)
rCorr    .         Harm     .   (no gloves)
MR       .....                  p - +0 pair of boots
Stlth    +.........             (no amulet)
HPRegen  0.09/turn              (no ring)
MPRegen  0.09/turn              (no ring)

@: no status effects
A: change form in water, swift swim, stealthy swim
a: Depart the Abyss, Renounce Religion


You were on level 3 of the Dungeon.
You worshipped Lugonu.
Lugonu was aware of your devotion.
You were very hungry.

You visited 1 branch of the dungeon, and saw 3 of its levels.
You visited the Abyss 1 time.

You collected 168 gold pieces.

Inventory:

Hand Weapons
 a - a +1 spear (weapon)
Missiles
 h - 78 stones (quivered)
 i - 19 arrows
 o - 29 sling bullets
Armour
 e - a +0 leather armour of fire resistance (worn)
 m - a +2 helmet (worn)
 p - a +0 pair of boots (worn)
Scrolls
 b - a scroll of enchant armour {unknown}
 k - a scroll of remove curse
 l - 2 scrolls of teleportation {unknown}
Potions
 f - a potion of curing
Comestibles
 c - 4 rations


   Skills:
 - Level 3.2 Fighting
 + Level 4.1 Polearms
 - Level 0.6 Armour
 + Level 3.8 Dodging
 + Level 2.9 Invocations


You had 2 spell levels left.
You didn't know any spells.
Your spell library was empty.

Dungeon Overview and Level Annotations

Branches:
Dungeon (3/15)

Altars:


Message History

You feel forgetful for a moment. The orc hits you with a hand axe.
* * * LOW HITPOINT WARNING * * *
The orc hits you with a war axe.
* * * LOW HITPOINT WARNING * * *
The orc priest hits you with a club.
* * * LOW HITPOINT WARNING * * *
It was a potion of resistance.
You feel protected. The orc misses you. The orc barely misses you.
It was a potion of cancellation.
Your magical effects are unravelling.
You feel magically purged.
Your resistance to elements expires.
The orc priest misses you. The orc closely misses you. x2
As you read the scroll labeled XEXKEGH NUHAFA, it crumbles to dust.
The scroll dissolves into smoke.
It was a scroll of fog.
The frilled lizard unfolds its giant frill.
The orc priest mumbles some strange prayers to Beogh against you.
Beogh smites you!
You die...

#..........##. ...
#.....<....[.>....
#..........###.#..
#..........#......
##.........#......
#.................
#.................
#.....§§§.........
##.....o@§.........
#......o#§.........
#.....lo#..........
#.......##....#....
#........?....#....
#............... ..
#.............## .
#...............
#..............#


You could see an orc priest, 2 orcs and a frilled lizard.

Vanquished Creatures
  An adder (D:2)
  A worm (D:2)
  2 dart slugs (D:1)
  2 leopard geckos
  An orc (D:3)
  2 giant cockroaches (D:1)
  5 goblins
  2 hobgoblins (D:1)
  A ball python (D:2)
  8 bats
  3 kobolds
  4 rats
32 creatures vanquished.

Notes
Turn   | Place    | Note
-------+----------+-------------------------------------------
     0 | Abyss:1  | Yuikono the Merfolk Abyssal Knight began the quest for the
                  | Orb.
     0 | Abyss:1  | Reached XP level 1. HP: 18/18 MP: 2/2
    25 | Abyss:1  | Noticed a raiju
    82 | Abyss:3  | Noticed a small abomination
    87 | Abyss:3  | Noticed a small abomination
    90 | Abyss:3  | Noticed a large abomination
    91 | D:1      | Escaped the Abyss
   285 | D:1      | Reached * piety under Lugonu
   299 | D:1      | Reached XP level 2. HP: 20/24 MP: 3/3
  1115 | D:2      | Reached XP level 3. HP: 21/29 MP: 4/4
  1617 | D:2      | Reached skill level 4 in Polearms
  2033 | D:3      | HP: 1/29 [orc/war axe (4)]
  2041 | D:3      | Killed from afar by an orc priest

Skill      XL: |  1  2  3 |
---------------+----------+-----
Dodging        | 3 |  3.8
Polearms       | 4 |  4.1
Fighting       | |  3.2
Armour         | |  0.6
Invocations    | |  2.9

Action                   || total
-------------------------++-------
Melee: Spear             ||   125
Throw: Stone             ||     5
Invok: Depart the Abyss  ||     1
  Use: Scroll            ||     3
       Potion            ||     3
  Eat: Chunk             ||     2
Armor: Leather armour    ||    32
Dodge: Dodged            ||    78
